 Dungeon Crawl Stone Soup version 0.30-a0-137-gd8773701ce (webtiles) character file.

Game seed: 14340414417014734939

222 Flugkiller the Trooper (level 6, -4/53 HPs)
             Began as a Formicid Hunter on Sept 21, 2022.
             Slain by a lemure (8 damage)
             ... led by Pikel
             ... on level 4 of the Dungeon.
             The game lasted 00:02:18 (3345 turns).

Flugkiller the Trooper (Formicid Hunter)            Turns: 3345, Time: 00:02:19

Health: -4/53      AC:  3    Str: 16    XL:     6   Next: 19%
Magic:  6/6        EV: 12    Int:  8    God:
Gold:   193        SH:  0    Dex: 19    Spells: 5/5 levels left

rFire   . . .      SeeInvis +    w - +0 great sword
rCold   + . .      Faith    .    (no shield)
rNeg    . . .      Spirit   .    c - +0 leather armour
rPois   .          Reflect  .    (helmet unavailable)
rElec   .          Harm     .    (no cloak)
rCorr   .          Rampage  .    (no gloves)
Will    .....                    (no boots)
Stlth   ++........               (no amulet)
HPRegen 0.17/turn                p - ring of protection from cold
MPRegen 0.10/turn                (no ring)

@: mighty, flying
A: permanent stasis, dig shafts and tunnels, antennae 3, four strong arms
a: Dig, Shaft Self


You were on level 4 of the Dungeon.
You visited 1 branch of the dungeon, and saw 4 of its levels.
You also visited: Sewer.

You collected 193 gold pieces.

Inventory:

Hand Weapons
 a - a +0 shortbow
 w - a +0 great sword (weapon)
   (You found it on level 4 of the Dungeon)
Armour
 c - a +0 leather armour (worn)
Jewellery
 p - a ring of protection from cold (left hand)
   (You found it on level 3 of the Dungeon)
Wands
 r - a wand of roots (6)
   (You found it on level 3 of the Dungeon)
 v - a wand of charming (7)
   (You found it on level 4 of the Dungeon)
Scrolls
 b - a scroll of immolation
 e - 5 scrolls of identify {unknown}
 f - 2 scrolls of torment {unknown}
 g - a scroll of acquirement {unknown}
 j - a scroll of vulnerability {unknown}
 m - 2 scrolls of teleportation {unknown}
 n - a scroll of poison {unknown}
 o - 2 scrolls of enchant weapon {unknown}
 s - a scroll of noise {unknown}
 t - a scroll of amnesia {unknown}
Potions
 d - a potion of might
 h - a potion of haste
 i - a potion of brilliance {unknown}
 k - 3 potions of flight
 l - a potion of lignification {unknown}
 q - 3 potions of curing
 u - a potion of berserk rage


   Skills:
 + Level 6.6 Fighting
 - Level 4.0 Ranged Weapons
 - Level 1.7 Dodging
 - Level 1.2 Stealth


You had 5 spell levels left.
You didn't know any spells.
Your spell library contained the following spells:

 Spells                   Type           Power      Damage    Failure   Level
 Foxfire                  Conj/Fire      0%         2x1d4     47%         1
 Necrotise                Necr           0%         1d4       47%         1
 Inner Flame              Hex/Fire       0%         N/A       85%         3
 Kindle Blastsparks       Fire/Tloc/Air  0%         2d10      85%         3
 Portal Projectile        Hex/Tloc       0%         N/A       85%         3
 Tukima's Dance           Hex            0%         N/A       85%         3
 Vampiric Draining        Necr           0%         2d6       85%         3
 Flame Wave               Conj/Fire      0%         2d4       99%         4
 Agony                    Necr           0%         N/A       100%        5
 Blade Hands              Tmut           0%         N/A       100%        5
 Dispersal                Tloc           0%         N/A       100%        6
 Disjunction              Tloc           0%         N/A       100%        8


Dungeon Overview and Level Annotations

Branches:
Dungeon (4/15) Zot: 21069   Sewer (visited)
 Temple: D:4-7

Altars:
Ashenzari
Cheibriados
Nemelex Xobeh
Ru

Annotations:
D:3 1 runed translucent door, p0werm0de's ghost, amateur PaIE
D:4 Pikel


Innate Abilities, Weirdness & Mutations

You cannot be hasted, slowed, berserked, paralysed or teleported.
You can dig through walls and to a lower floor.
You have a pair of large antennae on your head. (SInv)
Your four strong arms can wield two-handed weapons with a shield.


Message History

You kill the adder!
You hear a shout!
A lemure comes into view.
The giant cockroach bites you but does no damage.
You hear a shout! x3
You shoot an arrow. The arrow barely misses the lemure.
The giant cockroach bites you.
A lemure comes into view.
The lemure misses you. The giant cockroach closely misses you.
You shoot an arrow. The arrow barely misses the lemure.
You hear a shout!
The giant cockroach bites you but does no damage.
The lemure misses you. The giant cockroach misses you.
The lemure hits you but does no damage.
You shoot an arrow.
The arrow hits the lemure but does no damage.
The giant cockroach barely misses you. The lemure hits you!
The lemure hits you but does no damage.
You shoot an arrow. The arrow hits the lemure!
The lemure is moderately wounded.
The giant cockroach completely misses you.
The lemure closely misses you. The lemure hits you.
The giant cockroach misses you. The lemure hits you but does no damage.
Pikel, Merchant of Souls comes into view.
He is wielding a +2 whip of electrocution and wearing a +2 robe of willpower.
The lemure attacks as you move away! The lemure hits you but does no damage.
You shoot an arrow. The arrow barely misses the lemure.
The arrow barely misses the giant cockroach.
The lemure hits you.
You shoot an arrow. The arrow hits the lemure.
The lemure is lightly wounded.
The lemure hits you. The lemure misses you.
A lemure comes into view.
You are too injured to fight recklessly!
You are too injured to fight recklessly!
It was a potion of curing.
You feel better.
q - 3 potions of curing;
l - a bubbling golden potion The lemure hits you!
It was a potion of flight.
You feel very buoyant.
You fly up into the air.
The lemure hits you but does no damage.
Unknown command.
Fire: a) +0 shortbow
Press: ? - help, Q - select action, (/) - cycle Shift-Dir - straight line, f/p - lemure
Aim: a lemure (lightly wounded, 60% to hit)
You shoot an arrow. The arrow completely misses the lemure.
The arrow hits the giant cockroach but does no damage.
You hear a shout!
The lemure barely misses you.
You hear a shout! x3
Fire: a) +0 shortbow
Press: ? - help, Q - select action, (/) - cycle Shift-Dir - straight line, f/p - lemure
Aim: a lemure (lightly wounded, 60% to hit)
You shoot an arrow. The arrow hits the lemure.
The lemure is moderately wounded.
The lemure hits you.
Fire: a) +0 shortbow
Press: ? - help, Q - select action, (/) - cycle Shift-Dir - straight line, f/p - lemure
Aim: a lemure (moderately wounded, 60% to hit)
You shoot an arrow. The arrow hits the lemure!
The lemure is heavily wounded.
The lemure misses you. The lemure hits you but does no damage.
It was a potion of might.
You feel very mighty all of a sudden.
d - a potion of might;
t - a scroll labelled AXKOUDDUWO The lemure hits you.
w - a +0 great sword (weapon)
You closely miss the lemure.
The lemure is heavily wounded.
The lemure hits you but does no damage.
A lemure comes into view.
The lemure hits you.
The lemure moves out of view.
You closely miss the lemure.
The lemure is heavily wounded.
The lemure hits you.
Pikel says, "Asmodeus and me are pals.
He gave me this whip."
The lemure hits you.
* * * LOW HITPOINT WARNING * * *
You barely miss the lemure.
The lemure is heavily wounded.
The lemure hits you but does no damage.
You barely miss the lemure.
The lemure is heavily wounded.
The lemure closely misses you. The lemure hits you.
* * * LOW HITPOINT WARNING * * *
You slash the lemure!
The lemure is severely wounded.
The lemure closely misses you. Pikel waves his whip at you.
The lemure hits you!
* * * LOW HITPOINT WARNING * * *
It was a potion of haste.
Your stasis prevents you from being hasted.
h - a potion of haste;
g - a scroll labelled WEATIT OSUAB The lemure hits you.
* * * LOW HITPOINT WARNING * * *
It was a potion of berserk rage.
Your stasis prevents you from going berserk.
The lemure hits you!
You die...

##+#.#.#
#.# {
.....#.#
#.# .#
##.#.#.#
#.# .#
...#.#.#
#.# .#
####.#.#
#.# .#
.......#
#.# .#
####.###
#.# .#
#.#####.#
#..@5BK5#
######†.#
{{{ {{.#
{ { ###.#
{ .# { ##


You could see Pikel, 2 lemures and a giant cockroach.

Vanquished Creatures
  3 river rats
  10 adders
  2 worms (D:2)
  2 dart slugs (D:1)
  An orc (D:3)
  5 ball pythons
  9 bats
  4 endoplasms
  5 giant cockroaches
  11 goblins
  7 hobgoblins
  14 jackals
  7 kobolds
  5 frilled lizards
  9 rats
94 creatures vanquished.

Notes
Turn   | Place    | Note
-------+----------+-------------------------------------------
     0 | D:1      | Flugkiller the Formicid Hunter began the quest for the Orb.
     0 | D:1      | Reached XP level 1. HP: 16/16 MP: 1/1
    69 | D:1      | Reached XP level 2. HP: 23/23 MP: 2/2
   112 | D:1      | Reached skill level 3 in Fighting
   443 | D:1      | Reached XP level 3. HP: 29/29 MP: 3/3
   543 | D:1      | Reached skill level 4 in Fighting
   977 | D:2      | Reached XP level 4. HP: 18/38 MP: 4/4
  1379 | D:2      | Reached skill level 5 in Fighting
  1868 | D:3      | Noticed p0werm0de's ghost (amateur PaIE)
  1868 | D:3      | Found a runed translucent door.
  1890 | D:3      | Found a glowing drain.
  1904 | D:3      | Reached XP level 5. HP: 44/44 MP: 5/5
  1910 | Sewer    | Entered a sewer
  2037 | Sewer    | Reached skill level 6 in Fighting
  2357 | Sewer    | Reached XP level 6. HP: 49/53 MP: 6/6
  2820 | D:3      | Found a faded altar of an unknown god.
  2861 | D:3      | Found a sparkling altar of Nemelex Xobeh.
  2985 | D:3      | Found a sacrificial altar of Ru.
  2990 | D:3      | Found a broken altar of Ashenzari.
  2993 | D:3      | Found a snail-covered altar of Cheibriados.
  3329 | D:4      | Noticed Pikel
  3345 | D:4      | Slain by a lemure

Illustrated notes

Levels and vault maps discovered:
D:1:      tarquinn_simple_flora_water_f, layout_loops_corners
D:2:      layout_loops_ring, serial_rivers, chequers_serial_rivers_micro_c,
          chequers_serial_rivers_room_b, chequers_serial_rivers_micro_b,
          chequers_serial_rivers_small_3, chequers_serial_rivers_room_a,
          chequers_serial_rivers_micro_c
D:3:      minmay_wonky_spiral, layout_loops_ring,
          nemelex_xobeh_ov_fountains_minmay, minitemple,
          hellmonk_ghost_happy_afterlife, portal_sewer_entry_a,
          dreamdust_ecumenical_altar_grove
D:4:      layout_basic, uniq_robin, uniq_pikel

Skill      XL: |  1  2  3  4  5 |
---------------+----------------+-----
Fighting       | 3 4 5 6 |  6.6
Ranged Weapons | |  4.0
Dodging        | |  1.7
Stealth        | |  1.2

Action                   |  1- 3 |  4- 6 || total
-------------------------+-------+-------++-------
Melee: Great sword       |       |     5 ||     5
 Fire: Shortbow          |    89 |   153 ||   242
 Abil: Dig               |     1 |       ||     1
  Use: Potion            |       |     5 ||     5
Armor: Leather armour    |    13 |    31 ||    44
Dodge: Dodged            |    27 |    66 ||    93

Table legend: (Time is in decaauts)
 A = Elapsed time spent in this place.
 B = Non-inter-level travel time spent in this place.
 C = Inter-level travel time spent in this place.
 D = Time resting spent in this place.
 E = Time spent auto-exploring this place.
 F = Levels seen in this place.
 G = Mean time per level.
                   A        B        C        D        E       F      G
               +--------+--------+--------+--------+--------+-----+--------+
         Total |   3483 |   3361 |    122 |    239 |   2533 |   5 |  696.6 |
       Dungeon |   2929 |   2807 |    122 |     37 |   2325 |   4 |  732.2 |
         Sewer |    553 |    553 |      0 |    202 |    208 |   1 |  553.0 |
               +--------+--------+--------+--------+--------+-----+--------+

Top non-repeatable levels by time:
     D:2: 1069 daAuts
     D:1: 862 daAuts
     D:3: 736 daAuts
   Sewer: 553 daAuts
     D:4: 260 daAuts
